Cogmind - Beta 14 @@@ ROGUE MODE // 2024.11.23 @ 13:09:50 Player: jimmyl Result: Destroyed by S-43 Plague with Heavy Machine Gun Performance ------------- Evolutions (7) 3500 Regions Visited (20) 4000 Robots Destroyed (236) 1180 Value Destroyed (14578) 14578 Prototype IDs (13) 260 Alien Tech Used (0) 0 Bonus (10841) 10841 TOTAL SCORE: 34359 Bonus ------- High Alert Combat Kills 4248 Follower Combat Kills 3099 Entered Garrisons 1400 Used RIF Installer 3500 Friendly Fire -1406 Cogmind --------- Core Integrity 0/1300 Matter 236/300 Energy 75/100 System Corruption 5% Temperature Cool (0) Movement Core (150) Ox2 Location -3/Garrison Parts ------- > --- POWER (2) -------- (None) > --- PROPULSION (4) --- (None) > --- UTILITY (12) ----- Advanced Targeting Computer Advanced Targeting Computer Advanced Target Analyzer Relay Coupler [Grunt] (33) Relay Coupler [Hunter] (27) > --- WEAPON (3) ------- Railgun Plasma Lance > --- INVENTORY (5) ---- Experimental Sensor Array Relay Coupler [NC] (41) Relay Coupler [Duelist] (30) Relay Coupler [Specialist] (25) Power Maul Peak State ------------ > --- POWER ------------ Light Quantum Reactor Improved Quantum Reactor > --- PROPULSION ------- Heavy Treads Heavy Treads > --- UTILITY ---------- Advanced Heat Sink Advanced Heat Sink Experimental Heat Sink Advanced Cooling System High-capacity Storage Unit Improved Target Analyzer Improved Kinecellerator Improved Medium Armor Plating Relay Coupler [NC] Relay Coupler [Grunt] Relay Coupler [Brawler] Relay Coupler [Sentry] > --- WEAPON ----------- Helical Railgun Helical Railgun Plasma Lance > --- INVENTORY -------- Medium Treads Medium Treads Experimental Sensor Array Hardened Heavy Armor Plating Relay Coupler [NC] Relay Coupler [Duelist] Relay Coupler [Demolisher] Relay Coupler [Specialist] Relay Coupler [Hunter] Nova Cannon Heavy Assault Cannon Heavy Flak Cannon Hypervelocity Mass Driver Heavy Rocket Launcher Improved Remote Datajack Power Maul Plasma Lance [Rating: 128] Favorites ----------- Power Improved Deuterium Engine Engine Improved Deuterium Engine Power Core Neutrino Core Reactor Light Quantum Reactor Propulsion Light Treads Treads Light Treads Leg Carbon-fiber Leg Wheel Compact Wheel Utility High-capacity Storage Unit Device Improved Cooling System Storage High-capacity Storage Unit Processor Target Analyzer Hackware Relay Coupler [Sentry] Protection Improved Light Armor Plating Weapon Spread Laser Energy Gun Spread Laser Energy Cannon Phase Cannon Ballistic Gun Improved Heavy Machine Gun Ballistic Cannon Assault Cannon Launcher Heavy Rocket Launcher Special Weapon Remote Datajack Impact Weapon Power Maul Slashing Weapon Scythe Piercing Weapon Plasma Lance Special Melee Weapon Datajack Build | -11 -10 -10 -10 -9 -8 -8 -8 -8 -8 -7 -6 -6 -6 -6 -5 -5 -4 -4 -3 -3 ------- Run | Yrd Mat Min Exi Min Mat Gar Mat Sto Gar Fac Fac Gar Fac Gar Fac Gar Fac Gar Res Gar Slots Evolved 14 | . . . . . 4 . . . . 2 2 . . . 2 . 2 . 2 . Power 1 | . . . . . . . . . . . . . . . . . 1 . . . Propulsion 2 | . . . . . 1 . . . . . . . . . 1 . . . . . Utility 10 | . . . . . 3 . . . . 2 2 . . . 1 . 1 . 1 . Weapon 1 | . . . . . . . . . . . . . . . . . . . 1 . Parts Attached 277 | . 8 . . 2 11 13 4 7 24 23 2 41 6 28 11 40 1 29 2 25 Power 19 | . . . . 1 1 . . . 1 1 . 2 . 2 1 2 . 5 . 3 Engine 7 | . . . . 1 1 . . . 1 1 . 1 . . . 1 . 1 . . Core 7 | . . . . . . . . . . . . 1 . 2 1 1 . 2 . . Reactor 5 | . . . . . . . . . . . . . . . . . . 2 . 3 Propulsion 46 | . 2 . . . 4 5 1 2 6 5 . 8 . 2 1 4 . 1 1 4 Treads 32 | . 2 . . . 4 4 1 2 4 . . 2 . 2 1 4 . 1 1 4 Leg 5 | . . . . . . . . . . . . 5 . . . . . . . . Wheel 9 | . . . . . . 1 . . 2 5 . 1 . . . . . . . . Hover . | . . . . . . . . . . . . . . . . . . . . . Flight . | . . . . . . . . . . . . . . . . . . . . . Utility 95 | . 3 . . 1 4 2 2 . 5 8 2 13 2 15 1 16 1 11 1 8 Device 31 | . 1 . . 1 1 2 . . 2 . . 5 . 2 1 7 1 6 1 1 Storage 4 | . 2 . . . 1 . . . . . . 1 . . . . . . . . Processor 11 | . . . . . 1 . . . . 4 . . . 2 . 1 . . . 3 Hackware 32 | . . . . . . . 1 . 3 1 2 5 2 9 . 3 . 4 . 2 Protection 17 | . . . . . 1 . 1 . . 3 . 2 . 2 . 5 . 1 . 2 Artifact . | . . . . . . . . . . . . . . . . . . . . . Weapon 117 | . 3 . . . 2 6 1 5 12 9 . 18 4 9 8 18 . 12 . 10 Energy Gun 11 | . 2 . . . . . . 1 2 2 . 4 . . . . . . . . Energy Cannon 12 | . . . . . . . . . . . . 1 1 4 . 2 . 3 . 1 Ballistic Gun 24 | . . . . . . . . 3 3 1 . 1 . 2 4 7 . 2 . 1 Ballistic Cannon 14 | . 1 . . . 2 4 . . . 1 . 2 . . . . . 1 . 3 Launcher 21 | . . . . . . 2 . 1 4 1 . 4 2 2 1 1 . 2 . 1 Special Weapon 21 | . . . . . . . . . . 2 . 5 . 1 3 7 . 2 . 1 Impact Weapon 2 | . . . . . . . . . . . . . 1 . . 1 . . . . Slashing Weapon 3 | . . . . . . . . . . 2 . 1 . . . . . . . . Piercing Weapon 5 | . . . . . . . . . . . . . . . . . . 2 . 3 Special Melee Weapon 4 | . . . . . . . 1 . 3 . . . . . . . . . . . Unidentified Prototypes 9 | . . . . . . . . 2 . 2 . . . . 1 1 . 3 . . Corrupted Parts 2 | . . . . . . . . . . . . . . . . . . 1 . 1 System Corruption 9 | . . . . . . . . . . . . . . . . . . 5 . 4 Parts Lost 92 | . . . . . 3 8 1 . 13 4 . 4 . 10 4 11 . 6 . 28 Power 13 | . . . . . . . . . 2 1 . 1 . 1 1 1 . 2 . 4 Propulsion 24 | . . . . . 2 4 . . 4 3 . 1 . 2 . 2 . . . 6 Utility 36 | . . . . . 1 2 1 . 4 . . 2 . 5 1 6 . 4 . 10 Weapon 19 | . . . . . . 2 . . 3 . . . . 2 2 2 . . . 8 Highest Loss Streak 25 | . . . . . 1 3 1 . 6 1 . 2 . 4 3 6 . 2 . 25 To Critical Strikes . | . . . . . . . . . . . . . . . . . . . . . Average Slot Usage (%) 87 | . 97 100 100 100 94 93 98 99 94 82 73 86 86 80 85 76 77 81 84 78 Engine 6 | . 14 14 14 14 9 9 9 9 8 5 . 5 6 1 . 1 . 2 . . Core 1 | . . . . . . . . . . . . . . 4 4 3 5 2 . . Treads 14 | . 27 28 28 28 26 18 27 27 21 . . 4 13 6 11 10 10 10 9 8 Wheel 1 | . . . . . . 4 . . 3 9 6 1 . . . . . . . . Device 10 | . 11 14 14 14 8 14 16 9 8 . . 8 13 8 10 7 20 19 22 10 Storage 9 | . 14 14 14 14 15 18 14 9 9 7 6 6 6 6 5 5 5 5 4 3 Processor 6 | . . . . . 7 9 9 9 7 16 6 6 6 8 11 6 5 5 4 12 Hackware 13 | . . . . . . . 1 9 13 24 33 26 20 24 23 19 15 16 19 18 Protection 3 | . . . . . 8 1 1 9 4 3 6 4 6 4 3 5 5 4 4 3 Energy Gun 5 | . 26 28 28 28 1 . . . 2 1 . 1 . . . . . . . . Energy Cannon 1 | . . . . . . . . . . . . 1 2 5 3 2 5 4 . . Ballistic Gun 2 | . . . . . . . . 17 9 1 6 2 . . 2 6 . . 9 7 Ballistic Cannon 2 | . . . . . 16 14 16 . . . . 1 . . . . . . . . Special Weapon 2 | . . . . . . . . . . 2 6 3 6 5 3 2 5 1 . 1 Peak Build Rating 128 | . 11 12 12 14 28 30 30 31 33 50 50 77 78 82 90 100 103 119 125 128 Average Rating 52 | . 8 11 12 12 25 26 29 30 29 41 47 62 75 69 86 90 102 106 123 102 On Entrance 49 | 6 6 11 12 12 14 28 30 28 31 20 46 50 77 74 70 84 96 103 119 121 Naked Turns . | . . . . . . . . . . . . . . . . . . . . . Heaviest Build 103 | 11 50 50 50 55 65 65 66 62 62 80 66 86 86 86 71 99 85 101 100 103 Greatest Support 150 | 20 40 40 40 40 60 60 60 60 60 38 28 105 105 105 150 150 130 130 140 140 Greatest Overweight (x) 17 | . 1 1 1 1 1 4 1 1 3 17 2 6 . 1 . 1 . . . 2 Average Overweight (x) . | . . 1 1 1 . 1 . . 1 2 2 . . . . . . . . . Largest Inventory Capacity 20 | . 20 20 20 20 20 20 20 20 20 20 20 20 20 20 20 20 20 20 20 20 Average Capacity 19 | . 18 20 20 20 20 20 20 20 20 20 20 20 20 20 20 20 20 20 20 19 Most Carried 20 | . 16 17 17 18 20 19 20 20 20 20 19 20 20 20 19 20 20 20 20 20 Average Carried 17 | . 9 16 17 17 18 13 19 19 18 17 17 18 19 19 17 18 20 18 19 17 Final Capacity 20 | 8 20 20 20 20 20 20 20 20 20 20 20 20 20 20 20 20 20 20 20 5 Final Carried 20 | 6 16 17 17 18 17 19 20 20 17 19 17 20 19 20 16 20 20 20 20 5 Class Distribution -------------------- 37% | Mutant 31% | Bothacker-Mutant 30% | Botlord-Mutant Dominant Class ---------------- Mutant | -10/Materials Mutant | -10/Mines Mutant | -10/Exiles Mutant | -9/Mines Mutant | -8/Materials Mutant | -8/Garrison Bothacker-Mutant | -8/Materials Bothacker-Mutant | -8/Storage Bothacker-Mutant | -8/Garrison Bothacker-Mutant | -7/Factory Bothacker-Mutant | -6/Factory Bothacker-Mutant | -6/Garrison Bothacker-Mutant | -6/Factory Botlord-Mutant | -6/Garrison Botlord-Mutant | -5/Factory Botlord-Mutant | -5/Garrison Botlord-Mutant | -4/Factory Botlord-Mutant | -4/Garrison Botlord-Mutant | -3/Research Scavenger-Mutant | -3/Garrison Resources | -11 -10 -10 -10 -9 -8 -8 -8 -8 -8 -7 -6 -6 -6 -6 -5 -5 -4 -4 -3 -3 ----------- Run | Yrd Mat Min Exi Min Mat Gar Mat Sto Gar Fac Fac Gar Fac Gar Fac Gar Fac Gar Res Gar Matter Collected 7757 | 187 93 . . 20 725 768 342 190 551 385 220 695 162 765 155 1394 . 392 211 502 Remotely . | . . . . . . . . . . . . . . . . . . . . . Salvage Created 9715 | . 350 75 . 69 643 651 248 233 924 587 158 1478 246 1217 181 1561 . 291 89 714 Parts 427 | . 13 12 . 2 38 41 12 19 52 39 4 37 11 48 11 47 . 11 5 25 Haulers Intercepted 6 | . 2 . . . 1 . 1 1 . 1 . . . . . . . . . . Recyclers Shooed 3 | . . . . 1 . . . . . 2 . . . . . . . . . . Parts Field Recycled . | . . . . . . . . . . . . . . . . . . . . . Retrieved Matter . | . . . . . . . . . . . . . . . . . . . . . Parts Self-Destructed . | . . . . . . . . . . . . . . . . . . . . . Prevented . | . . . . . . . . . . . . . . . . . . . . . Kills | -11 -10 -10 -10 -9 -8 -8 -8 -8 -8 -7 -6 -6 -6 -6 -5 -5 -4 -4 -3 -3 ------- Run | Yrd Mat Min Exi Min Mat Gar Mat Sto Gar Fac Fac Gar Fac Gar Fac Gar Fac Gar Res Gar Combat Hostiles Destroyed 208 | . 6 6 . . 17 29 5 4 32 13 3 13 5 17 8 29 . 8 1 12 Melee 7 | . . . . . . . . . . 5 . . . . . . . . . 2 Guns 72 | . 6 6 . . . . . 4 13 2 3 10 . 2 1 16 . . 1 8 Cannons 62 | . . . . . 17 17 5 . . 2 . 1 1 10 . 4 . 3 . 2 AOE 62 | . . . . . . 12 . . 19 4 . 2 4 2 7 8 . 4 . . Classes Destroyed 18 | . 5 1 . . 4 . . . 2 2 . . . 1 . 3 . . . . Worker 9 | . . . . . 1 . 1 1 . 5 . . . . 1 . . . . . Builder 2 | . . . . . 1 . . . . . . . . . 1 . . . . . Tunneler 2 | . . 1 . 1 . . . . . . . . . . . . . . . . Hauler 6 | . 2 . . . 1 . 1 1 . 1 . . . . . . . . . . Recycler 4 | . 1 . . 1 1 . 1 . . . . . . . . . . . . . Watcher 4 | . 1 . . . 2 . . . . . . . . . 1 . . . . . Swarmer 61 | . 3 6 . . 4 8 . 1 18 4 . . . 5 4 . . 6 . 2 Cutter 4 | . . . . . . . . . . . . . . . . 4 . . . . Grunt 75 | . 3 . . . 10 16 3 . 8 4 2 8 3 5 1 6 . . . 6 Brawler 2 | . . . . . . . . . . . . . . . . 2 . . . . Duelist 8 | . . . . . . . . . 2 . . . . 1 . 5 . . . . Protector 2 | . . . . . . . . . . 1 . . 1 . . . . . . . Sentry 23 | . . . . . 2 5 2 3 2 . 1 1 1 . . 3 . 1 1 1 Specialist 1 | . . . . . . . . . 1 . . . . . . . . . . . Hunter 9 | . . . . . 1 . . . 1 . . . . . 3 4 . . . . Programmer 19 | . . . . . . . . . . 4 . 4 . 6 . 3 . . . 2 Behemoth 3 | . . . . . . . . . . . . . . 1 . . . 1 . 1 Striker 2 | . . . . . . . . . . . . . . . . 2 . . . . Best Kill Streak 12 | . 3 3 . 1 9 10 3 2 7 5 2 5 3 4 10 12 . 2 1 4 Combat Bots Only 12 | . 3 3 . . 6 10 3 2 7 4 2 5 3 4 7 12 . 2 1 4 Max Kills in Single Turn 7 | . 2 1 . 1 2 4 1 1 4 2 1 2 2 1 7 3 . 2 1 1 Gunslinging 1 | . 1 . . . . . . . . . . 1 . . . . . . . . Exploded 5 | . . . . . . 4 . . 4 2 . 1 2 1 5 3 . 2 . . Melee 1 | . . . . . . . . . . 1 . . . . . . . . . 1 Uniques/NPCs Destroyed . | . . . . . . . . . . . . . . . . . . . . . Combat | -11 -10 -10 -10 -9 -8 -8 -8 -8 -8 -7 -6 -6 -6 -6 -5 -5 -4 -4 -3 -3 -------- Run | Yrd Mat Min Exi Min Mat Gar Mat Sto Gar Fac Fac Gar Fac Gar Fac Gar Fac Gar Res Gar Hostile Shots Fired 1482 | . 21 14 . . 84 104 20 26 128 75 47 128 33 144 53 214 . 75 6 310 Missed 434 | . 8 2 . . 21 38 10 9 32 17 16 57 10 45 16 55 . 20 2 76 Damage Taken 20340 | . 135 97 . . 1017 1110 149 209 1359 833 401 982 566 1859 931 3953 . 1351 108 5280 Core 2958 | . 34 . . . 126 119 42 15 243 139 53 89 . 234 64 414 . 71 . 1315 Absorbed by Shields 109 | . . . . . . . . . . . . . . . . 22 . 47 . 40 Ignored by Resistances 71 | . . . . . . . . . . 12 34 . . . . 25 . . . . Core Remaining (%) 66 | 100 . . . 86 . . . . . 80 . . . 55 . 52 . 93 . . Volleys Fired 931 | . 47 9 . 3 48 104 15 15 68 28 31 73 21 166 16 159 . 76 4 48 Largest 2 | . 2 2 . 2 2 2 2 2 2 1 1 2 1 2 2 2 . 1 2 2 Hottest 179 | . 130 130 . 130 88 88 88 56 89 44 25 163 113 113 39 85 . 105 76 179 Shots Fired 1312 | . 93 18 . 6 96 154 27 30 104 28 31 100 21 177 27 240 . 77 7 76 Gun 568 | . 93 18 . 6 . . . 30 92 5 15 50 . 19 22 161 . . 7 50 Cannon 535 | . . . . . 96 120 27 . . 8 . 31 1 133 . 50 . 54 . 15 Launcher 75 | . . . . . . 34 . . 12 3 . 3 7 4 1 7 . 3 . 1 Special 134 | . . . . . . . . . . 12 16 16 13 21 4 22 . 20 . 10 Kinetic 683 | . . . . . 96 120 27 30 68 13 15 41 . 19 22 161 . . 7 64 Thermal 420 | . 93 18 . 6 . . . . 24 . . 40 1 133 . 50 . 54 . 1 Explosive 75 | . . . . . . 34 . . 12 3 . 3 7 4 1 7 . 3 . 1 Electromagnetic . | . . . . . . . . . . . . . . . . . . . . . Robot Hit Streak 21 | . 8 5 . 8 7 12 8 9 8 5 6 13 4 21 7 18 . 10 7 16 Robot Miss Streak 8 | . 4 8 . 5 4 5 3 3 3 3 2 2 1 3 2 3 . 3 . 2 Penetration Max 1 | . . . . . . . . 1 1 . . . . . . . . . . 1 Secondary Targets 17 | . 1 2 . . . . . . 3 . . 3 . . 1 5 . . . 2 Max Gunslinging Chain 1 | . 1 1 . . . . . . 1 . . 1 . . 1 1 . . . 1 Capacitor 76 | . . . . . . . . . . . . . . . . 24 . 52 . . Shots Hit Robots 889 | . 65 14 . 6 58 77 22 16 58 41 21 89 14 105 18 161 . 49 5 70 Core Hits 469 | . 22 19 . 10 34 65 20 6 45 23 4 39 15 36 22 68 . 14 3 24 Critical Kills 13 | . . . . . . . . . 1 . . 1 . 3 . 6 . 1 . 1 Critical Parts Destroyed 7 | . . . . . . . . 1 . 1 . 1 . . . 3 . . . 1 Critical Strikes 52 | . 4 . . . 7 1 2 1 3 2 . 4 . 3 . 12 . 1 . 12 Burn 6 | . 4 . . . . . . . 2 . . . . . . . . . . . Meltdown 6 | . . . . . . . . . . . . . . 3 . 2 . 1 . . Destroy 20 | . . . . . . . . 1 1 1 . 2 . . . 7 . . . 8 Blast 11 | . . . . . 7 1 2 . . . . . . . . . . . . 1 Smash 3 | . . . . . . . . . . . . . . . . 3 . . . . Sever 3 | . . . . . . . . . . 1 . 2 . . . . . . . . Impale 3 | . . . . . . . . . . . . . . . . . . . . 3 Melee Attacks 77 | . . . . . . . 3 . 2 36 . 18 1 . . 8 . 2 . 7 Impact 9 | . . . . . . . . . . . . . 1 . . 8 . . . . Slashing 54 | . . . . . . . . . . 36 . 18 . . . . . . . . Piercing 9 | . . . . . . . . . . . . . . . . . . 2 . 7 Sneak Attacks 8 | . . . . . . . . . . 8 . . . . . . . . . . Combat Hostiles . | . . . . . . . . . . . . . . . . . . . . . Follow-up Attacks 2 | . . . . . . . . . . 2 . . . . . . . . . . Damage Inflicted 30053 | . 784 131 . 73 1471 2551 412 472 2147 1673 355 3541 1090 3889 1842 5419 . 1708 162 2333 Guns 8364 | . 784 131 . 68 . . . 471 1055 85 188 963 . 235 310 2450 . . 162 1462 Cannons 10343 | . . . . . 1471 1667 412 . . 95 . 841 45 3327 . 981 . 1019 . 485 Explosions 7894 | . . . . . . 884 . . 1092 440 167 351 1034 327 1532 1286 . 680 . 101 Melee 3426 | . . . . . . . . . . 1053 . 1386 . . . 702 . . . 285 Ramming 26 | . . . . 5 . . . 1 . . . . 11 . . . . 9 . . Kinetic 10937 | . . . . . 1471 1667 412 471 675 180 188 811 . 235 310 2450 . . 162 1905 Thermal 7770 | . 784 131 . 68 . . . . 380 . . 993 45 3327 . 981 . 1019 . 42 Explosive 7894 | . . . . . . 884 . . 1092 440 167 351 1034 327 1532 1286 . 680 . 101 Electromagnetic . | . . . . . . . . . . . . . . . . . . . . . Impact 702 | . . . . . . . . . . . . . . . . 702 . . . . Slashing 2439 | . . . . . . . . . . 1053 . 1386 . . . . . . . . Piercing 285 | . . . . . . . . . . . . . . . . . . . . 285 Highest Corruption 17 | . . . . . . . . . . 4 . 2 3 6 . 17 . 6 . 5 Average Corruption 5 | . . . . . . . . . . 3 . 1 2 5 . 11 . 4 . 1 Corruption Purged . | . . . . . . . . . . . . . . . . . . . . . Corruption Blocked . | . . . . . . . . . . . . . . . . . . . . . Effects 241 | . . . . . . . . . . 17 . 19 14 67 . 80 . 41 . 3 Message Errors 75 | . . . . . . . . . . 6 . 6 4 22 . 17 . 20 . . Matter Fused 58 | . . . . . . . . . . 4 . 7 3 17 . 17 . 10 . . Heat Flow Errors 17 | . . . . . . . . . . . . . 1 5 . 8 . 1 . 2 Energy Discharges 30 | . . . . . . . . . . 3 . . 3 6 . 16 . 1 . 1 Parts Rejected 2 | . . . . . . . . . . . . 1 . . . 1 . . . . Parts Fused 2 | . . . . . . . . . . . . . . . . 2 . . . . Data Loss (minor) 22 | . . . . . . . . . . 2 . 1 2 7 . 7 . 3 . . Data Loss (major) 12 | . . . . . . . . . . 1 . 1 . 4 . 5 . 1 . . Misfires 12 | . . . . . . . . . . . . 3 . 5 . 3 . 1 . . Alerts 9 | . . . . . . . . . . 1 . . 1 1 . 2 . 4 . . Weapon Failures 2 | . . . . . . . . . . . . . . . . 2 . . . . Overload Shots . | . . . . . . . . . . . . . . . . . . . . . Overflow Damage 948 | . . . . . . 2 . . 45 136 13 19 15 113 89 405 . 111 . . Projectiles 260 | . . . . . . . . . . 1 . 9 . 113 . 130 . 7 . . Explosions 341 | . . . . . . 2 . . 45 . 13 1 15 . 89 72 . 104 . . Melee 347 | . . . . . . . . . . 135 . 9 . . . 203 . . . . Knockbacks 65 | . . . . . 14 35 10 . . 1 . . . . . 2 . . . 3 Impact 2 | . . . . . . . . . . . . . . . . 2 . . . . Kinetic 58 | . . . . . 13 33 8 . . 1 . . . . . . . . . 3 Secondary 5 | . . . . . 1 2 2 . . . . . . . . . . . . . Self-Inflicted Damage 731 | . . . . . . 116 . . 29 . 32 46 . 74 . 322 . 112 . . Shots 20 | . . . . . . 6 . . 2 . 1 1 . 1 . 6 . 3 . . Rammed 3 | . . . . 1 . . . . . . . . 1 . . . . 1 . . Targets Rammed 4 | . . . . 1 . . . 1 . . . . 1 . . . . 1 . . Kicked . | . . . . . . . . . . . . . . . . . . . . . Crushed 1 | . . . . . . . . 1 . . . . . . . . . . . . Highest Temperature 300 | . 96 117 . 39 20 18 24 . 21 15 11 300 204 200 . 240 . 215 . 181 Average Temperature 63 | . 30 47 . 11 9 7 12 . 6 9 4 88 85 68 . 87 . 57 . 39 Received Heat Transfer 3447 | . 66 . . . 540 549 90 45 144 117 171 294 93 270 72 391 . 128 18 459 Siege Activations . | . . . . . . . . . . . . . . . . . . . . . Robots Corrupted 2 | . . . . . . . . . . . . . . . . 2 . . . . Combat Hostiles . | . . . . . . . . . . . . . . . . . . . . . Parts Fried 1 | . . . . . . . . . . . . . . . . 1 . . . . Impact Corruptions 8 | . . . . . . . . . . . . . . . . 8 . . . . Robots Melted 7 | . 1 . . . . . . . . . . . . 3 . 2 . 1 . . Combat Hostiles 6 | . . . . . . . . . . . . . . 3 . 2 . 1 . . Parts Melted 18 | . 8 . . . . . . . . . . . . 6 . 4 . . . . Heat Transferred 9597 | . 2241 170 . 85 . . . . 814 . . 959 37 3145 . 1073 . 1036 . 37 Parts Sabotaged . | . . . . . . . . . . . . . . . . . . . . . Parts Stolen . | . . . . . . . . . . . . . . . . . . . . . Parts Stripped . | . . . . . . . . . . . . . . . . . . . . . Power Chain Reactions . | . . . . . . . . . . . . . . . . . . . . . Alert | -11 -10 -10 -10 -9 -8 -8 -8 -8 -8 -7 -6 -6 -6 -6 -5 -5 -4 -4 -3 -3 ------- Run | Yrd Mat Min Exi Min Mat Gar Mat Sto Gar Fac Fac Gar Fac Gar Fac Gar Fac Gar Res Gar Peak Influence 2797 | . 105 161 . 5 304 1748 976 625 1129 696 306 1215 1171 2235 1633 2797 1467 1961 1161 1033 Initial 1467 | . . . . . 1 197 852 348 276 576 264 151 637 796 1173 1122 1467 1026 1102 870 Average 909 | . 26 33 . . 124 1049 879 484 691 607 250 657 915 1381 1360 1937 1467 1637 1117 929 Maximum Alert Level 5 | . . . . . 1 5 3 2 4 2 1 4 4 5 5 5 4 5 4 3 Low Security (%) 23 | . 100 100 . 100 82 2 . . . . 11 5 . . . . . . . . Level 1 6 | . . . . . 17 8 . 12 29 . 88 17 . . . . . . . . Level 2 12 | . . . . . . 8 . 87 9 100 . 33 33 . . . . . . . Level 3 18 | . . . . . . 29 100 . 58 . . 35 28 34 . . . 2 . 100 Level 4 20 | . . . . . . 43 . . 2 . . 8 38 41 85 19 100 41 100 . Level 5 18 | . . . . . . 5 . . . . . . . 23 14 80 . 55 . . High Security . | . . . . . . . . . . . . . . . . . . . . . Max Security . | . . . . . . . . . . . . . . . . . . . . . Squads Dispatched 24 | . 1 . . . 2 . 1 2 . 5 . . 10 . 2 . . . 1 . Investigation 5 | . . . . . 1 . 1 1 . 1 . . 1 . . . . . . . Extermination 5 | . . . . . . . . . . 3 . . 2 . . . . . . . Reinforcement 6 | . 1 . . . 1 . . . . . . . 4 . . . . . . . Assault 6 | . . . . . . . . 1 . 1 . . 3 . 1 . . . . . Garrison 2 | . . . . . . . . . . . . . . . 1 . . . 1 . Intercept . | . . . . . . . . . . . . . . . . . . . . . Searches Triggered . | . . . . . . . . . . . . . . . . . . . . . Construction Impeded 2 | . . . . . . . . . . . . . 2 . . . . . . . Haulers Reinforced . | . . . . . . . . . . . . . . . . . . . . . Active Scanning Responses . | . . . . . . . . . . . . . . . . . . . . . Cargo Convoy Interrupts . | . . . . . . . . . . . . . . . . . . . . . Stealth | -11 -10 -10 -10 -9 -8 -8 -8 -8 -8 -7 -6 -6 -6 -6 -5 -5 -4 -4 -3 -3 --------- Run | Yrd Mat Min Exi Min Mat Gar Mat Sto Gar Fac Fac Gar Fac Gar Fac Gar Fac Gar Res Gar Distress Signals 6 | . 1 . . . 3 . 1 . . . . . . . 1 . . . . . Communications Jammed . | . . . . . . . . . . . . . . . . . . . . . Distress Signals . | . . . . . . . . . . . . . . . . . . . . . Times Spotted 386 | . 13 6 . . 32 31 9 11 29 22 11 38 25 36 20 51 . 30 2 20 Peak Tracking Total 17 | . 2 3 . . 7 5 4 6 6 5 4 7 6 5 9 17 . 8 2 8 Tactical Retreats 18 | . 1 . . . . 2 . . 2 2 . 3 2 2 1 1 . 2 . . Traps | -11 -10 -10 -10 -9 -8 -8 -8 -8 -8 -7 -6 -6 -6 -6 -5 -5 -4 -4 -3 -3 ------- Run | Yrd Mat Min Exi Min Mat Gar Mat Sto Gar Fac Fac Gar Fac Gar Fac Gar Fac Gar Res Gar Traps Triggered 32 | . . . . . 1 7 . 1 2 3 . 4 2 6 . 3 . 3 . . Indirectly . | . . . . . . . . . . . . . . . . . . . . . Trap Hack Attempts . | . . . . . . . . . . . . . . . . . . . . . Triggered . | . . . . . . . . . . . . . . . . . . . . . Disarmed . | . . . . . . . . . . . . . . . . . . . . . Reprogrammed . | . . . . . . . . . . . . . . . . . . . . . Reused . | . . . . . . . . . . . . . . . . . . . . . Traps Extracted . | . . . . . . . . . . . . . . . . . . . . . Installed 4 | . . 4 . . . . . . . . . . . . . . . . . . Triggered 4 | . . . . . . . . . . . . 2 2 . . . . . . . Machines | -11 -10 -10 -10 -9 -8 -8 -8 -8 -8 -7 -6 -6 -6 -6 -5 -5 -4 -4 -3 -3 ---------- Run | Yrd Mat Min Exi Min Mat Gar Mat Sto Gar Fac Fac Gar Fac Gar Fac Gar Fac Gar Res Gar Machines Disabled 63 | . . . . . 4 6 . . 3 1 4 4 9 12 5 6 . 6 1 2 Max in Single Turn 4 | . . . . . 2 2 . . 1 1 4 1 4 2 3 2 . 1 1 1 Garrison Relay 25 | . . . . . . 2 . . 2 . . 3 . 9 . 3 . 5 . 1 Phase Generator 2 | . . . . . . . . . . . . . . 1 . 1 . . . . Machines Repaired . | . . . . . . . . . . . . . . . . . . . . . Machines Dismantled . | . . . . . . . . . . . . . . . . . . . . . Machines Sabotaged . | . . . . . . . . . . . . . . . . . . . . . Overloaded Fab Kills . | . . . . . . . . . . . . . . . . . . . . . Hacking | -11 -10 -10 -10 -9 -8 -8 -8 -8 -8 -7 -6 -6 -6 -6 -5 -5 -4 -4 -3 -3 --------- Run | Yrd Mat Min Exi Min Mat Gar Mat Sto Gar Fac Fac Gar Fac Gar Fac Gar Fac Gar Res Gar Machines Accessed 33 | . 1 1 . . 2 3 1 1 1 3 1 1 6 3 2 3 1 2 1 . Terminals 25 | . 1 1 . . 1 3 1 . 1 2 . 1 5 3 1 3 . 2 . . Fabricators . | . . . . . . . . . . . . . . . . . . . . . Repair Stations 1 | . . . . . . . . . . 1 . . . . . . . . . . Recycling Units . | . . . . . . . . . . . . . . . . . . . . . Scanalyzers . | . . . . . . . . . . . . . . . . . . . . . Garrison Access 7 | . . . . . 1 . . 1 . . 1 . 1 . 1 . 1 . 1 . Total Hacks 72 | . 2 8 . . 5 12 2 1 3 4 1 2 9 6 3 7 1 5 1 . Successful 18 | . 1 2 . . 3 . . 1 1 . 1 . 1 2 2 1 1 1 1 . Failed 54 | . 1 6 . . 2 12 2 . 2 4 . 2 8 4 1 6 . 4 . . Catastrophic 19 | . . . . . . 3 1 . 1 2 . 2 3 . 1 4 . 2 . . Database Lockouts . | . . . . . . . . . . . . . . . . . . . . . Manual 18 | . . 8 . . 3 . . . . . . . 5 . 2 . . . . . Terminals 64 | . 2 8 . . 4 12 2 . 3 3 . 2 8 6 2 7 . 5 . . Fabricators . | . . . . . . . . . . . . . . . . . . . . . Repair Stations 1 | . . . . . . . . . . 1 . . . . . . . . . . Recycling Units . | . . . . . . . . . . . . . . . . . . . . . Scanalyzers . | . . . . . . . . . . . . . . . . . . . . . Garrison Access 7 | . . . . . 1 . . 1 . . 1 . 1 . 1 . 1 . 1 . Terminal Hacks 11 | . 1 2 . . 2 . . . 1 . . . . 2 1 1 . 1 . . Part Schematic 1 | . . . . . 1 . . . . . . . . . . . . . . . Robot Analysis 2 | . . 2 . . . . . . . . . . . . . . . . . . Open Door 2 | . . . . . . . . . . . . . . . . 1 . 1 . . Branch Access Points 1 | . . . . . . . . . . . . . . . 1 . . . . . Emergency Access Points 2 | . . . . . . . . . 1 . . . . 1 . . . . . . Zone Layout 2 | . 1 . . . 1 . . . . . . . . . . . . . . . Garrison Registry 1 | . . . . . . . . . . . . . . 1 . . . . . . Fabricator Hacks . | . . . . . . . . . . . . . . . . . . . . . Repair Station Hacks . | . . . . . . . . . . . . . . . . . . . . . Recycling Unit Hacks . | . . . . . . . . . . . . . . . . . . . . . Scanalyzer . | . . . . . . . . . . . . . . . . . . . . . Garrison Access Hacks 7 | . . . . . 1 . . 1 . . 1 . 1 . 1 . 1 . 1 . Unlock Access 7 | . . . . . 1 . . 1 . . 1 . 1 . 1 . 1 . 1 . Unauthorized Hacks . | . . . . . . . . . . . . . . . . . . . . . Terminals . | . . . . . . . . . . . . . . . . . . . . . Fabricators . | . . . . . . . . . . . . . . . . . . . . . Repair Stations . | . . . . . . . . . . . . . . . . . . . . . Recycling Units . | . . . . . . . . . . . . . . . . . . . . . Scanalyzers . | . . . . . . . . . . . . . . . . . . . . . Garrison Access . | . . . . . . . . . . . . . . . . . . . . . Data Cores Recovered . | . . . . . . . . . . . . . . . . . . . . . Used . | . . . . . . . . . . . . . . . . . . . . . Hacking Detections 28 | . . 1 . . 2 3 1 . 1 3 . 1 5 3 2 3 . 2 1 . Full Trace Events 11 | . . . . . . 3 1 . 1 1 . 1 1 . . 2 . 1 . . Feedback Events 1 | . . . . . . . . . . 1 . . . . . . . . . . Corruption 1 | . . . . . . . . . . 1 . . . . . . . . . . Feedback Blocked . | . . . . . . . . . . . . . . . . . . . . . Robot Schematics Acquired . | . . . . . . . . . . . . . . . . . . . . . Robots Built . | . . . . . . . . . . . . . . . . . . . . . Authchips . | . . . . . . . . . . . . . . . . . . . . . Time . | . . . . . . . . . . . . . . . . . . . . . Total Robot Build Rating . | . . . . . . . . . . . . . . . . . . . . . Part Schematics Acquired 1 | . . . . . 1 . . . . . . . . . . . . . . . Parts Built . | . . . . . . . . . . . . . . . . . . . . . Authchips . | . . . . . . . . . . . . . . . . . . . . . Time . | . . . . . . . . . . . . . . . . . . . . . Total Part Build Rating . | . . . . . . . . . . . . . . . . . . . . . Parts Repaired . | . . . . . . . . . . . . . . . . . . . . . Time . | . . . . . . . . . . . . . . . . . . . . . Parts Recycled . | . . . . . . . . . . . . . . . . . . . . . Recycled Matter . | . . . . . . . . . . . . . . . . . . . . . Retrieved Matter . | . . . . . . . . . . . . . . . . . . . . . Retrieved Components . | . . . . . . . . . . . . . . . . . . . . . Parts Scanalyzed . | . . . . . . . . . . . . . . . . . . . . . Part Schematics Acquired . | . . . . . . . . . . . . . . . . . . . . . Parts Damaged . | . . . . . . . . . . . . . . . . . . . . . Bothacking | -11 -10 -10 -10 -9 -8 -8 -8 -8 -8 -7 -6 -6 -6 -6 -5 -5 -4 -4 -3 -3 ------------ Run | Yrd Mat Min Exi Min Mat Gar Mat Sto Gar Fac Fac Gar Fac Gar Fac Gar Fac Gar Res Gar Used RIF Installer 7 | . . . . . . 1 . . 1 . . 1 . 1 . 1 . 2 . . Coupler Efficiency 1 | . . . . . . . . . . . . . . . . . . 1 . . Hotswap 1 | . . . . . . . . . 1 . . . . . . . . . . . Threat Obfuscator 1 | . . . . . . . . . . . . . . 1 . . . . . . Watcher Feeds 1 | . . . . . . . . . . . . . . . . 1 . . . . Structural Interface 1 | . . . . . . . . . . . . . . . . . . 1 . . Program Shield 1 | . . . . . . . . . . . . 1 . . . . . . . . Robots Hacked 64 | . . . . . . . 2 . . 5 9 10 6 10 3 8 . 9 . 2 Non-combat 8 | . . . . . . . . . . . 3 . 3 . 1 1 . . . . Combat 56 | . . . . . . . 2 . . 5 6 10 3 10 2 7 . 9 . 2 Robot Hacks Applied 70 | . . . . . . . 2 . . 7 11 10 7 10 3 9 . 9 . 2 parse_system 7 | . . . . . . . . . . 2 1 . 1 . 1 2 . . . . deconstruct_machine 1 | . . . . . . . . . . . 1 . . . . . . . . . map_route 3 | . . . . . . . . . . . 1 . 2 . . . . . . . mark_security 1 | . . . . . . . . . . . . . 1 . . . . . . . find_garrison 2 | . . . . . . . . . . 1 1 . . . . . . . . . scatter_targeting 1 | . . . . . . . . . . . 1 . . . . . . . . . overload_power 1 | . . . . . . . . . . . . 1 . . . . . . . . amplify_resonance 1 | . . . . . . . . . . . . . . . . 1 . . . . wipe_record 3 | . . . . . . . . . . . 2 1 . . . . . . . . disable_weapons 3 | . . . . . . . . . . . . 2 . 1 . . . . . . overwrite_iff 4 | . . . . . . . . . . . 1 2 . . . . . . . 1 streamctrl_high 4 | . . . . . . . . . . . 1 . . 1 . 1 . 1 . . formatsys_low 1 | . . . . . . . . . . . . . . . 1 . . . . . formatsys_high 38 | . . . . . . . 2 . . 4 2 4 3 8 1 5 . 8 . 1 Relay Couplers Released 91 | . . . . . . 6 . . 9 . . 10 . 34 . 12 . 17 . 3 Machine Destruction 91 | . . . . . . 6 . . 9 . . 10 . 34 . 12 . 17 . 3 Attached 32 | . . . . . . . 1 . 3 1 2 5 2 9 . 3 . 4 . 2 Fabnet Peak Effective % . | . . . . . . . . . . . . . . . . . . . . . Robots Rewired 12 | . . . . . . . . . . . . 1 . 4 . 4 . 3 . . Allies Hacked 1 | . . . . . . . . . . 1 . . . . . . . . . . Hacks Repelled . | . . . . . . . . . . . . . . . . . . . . . Allies | -11 -10 -10 -10 -9 -8 -8 -8 -8 -8 -7 -6 -6 -6 -6 -5 -5 -4 -4 -3 -3 -------- Run | Yrd Mat Min Exi Min Mat Gar Mat Sto Gar Fac Fac Gar Fac Gar Fac Gar Fac Gar Res Gar Total Allies 63 | . . 3 . . . . 2 . . 4 4 7 3 13 2 11 . 12 . 2 Largest Group 6 | . . 3 3 3 3 . 2 2 1 4 3 4 5 6 6 3 2 6 5 5 Highest-Rated Group 377 | . . 40 40 40 40 . 32 32 16 84 81 226 261 234 234 250 188 377 211 211 Highest-Rated Ally 116 | . . 16 16 16 16 . 16 16 16 32 41 116 116 85 49 116 99 99 49 56 Total Orders 5 | . . . . . . . . . . . . . . 1 . 4 . . . . STAY 3 | . . . . . . . . . . . . . . 1 . 2 . . . . FOLLOW 2 | . . . . . . . . . . . . . . . . 2 . . . . Ally Attacks 474 | . . . . . 27 . 2 21 14 7 15 22 69 72 46 54 . 85 11 29 Total Damage 14433 | . . . . . 237 . 16 261 136 190 470 546 2426 1689 1580 2262 . 3324 301 995 Kills 96 | . . . . . 2 . . 5 . . 2 3 20 13 12 18 . 16 1 4 Allies Corrupted 3 | . . . . . . . . . . . . . 2 . . 1 . . . . Allies Melted 3 | . . . . . . . . . . . . . . . . 2 . 1 . . Intel | -11 -10 -10 -10 -9 -8 -8 -8 -8 -8 -7 -6 -6 -6 -6 -5 -5 -4 -4 -3 -3 ------- Run | Yrd Mat Min Exi Min Mat Gar Mat Sto Gar Fac Fac Gar Fac Gar Fac Gar Fac Gar Res Gar Robot Analysis Total 2 | . . 2 . . . . . . . . . . . . . . . . . . Derelict Logs Recovered 2 | . . 1 . 1 . . . . . . . . . . . . . . . . Drone Launches . | . . . . . . . . . . . . . . . . . . . . . Drone Recoveries . | . . . . . . . . . . . . . . . . . . . . . Exploration | -11 -10 -10 -10 -9 -8 -8 -8 -8 -8 -7 -6 -6 -6 -6 -5 -5 -4 -4 -3 -3 ------------- Run | Yrd Mat Min Exi Min Mat Gar Mat Sto Gar Fac Fac Gar Fac Gar Fac Gar Fac Gar Res Gar Turns Passed 23144 | . 1455 1369 303 1308 1150 2393 481 485 1080 1234 535 1762 1090 2761 385 2871 94 1842 104 442 Spaces Moved 10628 | 1 608 555 127 529 401 1178 183 169 511 723 290 840 633 1039 198 1390 54 986 52 161 Core 11 | . . . . . . . . . . 3 . . . . . . . . . 8 Treads 8315 | . 596 555 127 529 401 615 183 169 283 . . 352 633 1039 198 1390 54 986 52 153 Legs 344 | 1 12 . . . . . . . . . . 331 . . . . . . . . Wheels 1958 | . . . . . . 563 . . 228 720 290 157 . . . . . . . . Hover . | . . . . . . . . . . . . . . . . . . . . . Flight . | . . . . . . . . . . . . . . . . . . . . . Fastest Speed 50 | 120 120 240 240 240 160 145 160 160 110 95 130 115 160 160 160 160 165 165 160 50 Average Speed 183 | 120 206 240 240 240 237 168 226 236 157 129 130 166 160 214 160 172 165 165 164 158 Slowest Speed 900 | 120 240 240 240 240 240 400 240 240 320 900 130 190 160 250 160 250 165 165 165 320 Overloaded Moves . | . . . . . . . . . . . . . . . . . . . . . Propulsion Burnouts . | . . . . . . . . . . . . . . . . . . . . . Robots Hopped 1 | . . . . . . . . . . . . . . . . . . . . 1 Cave-ins Triggered . | . . . . . . . . . . . . . . . . . . . . . Exploration Rate (%) 48 | 2 90 97 48 94 44 72 23 38 60 16 13 82 24 93 8 93 2 88 4 20 Regions Visited 20 Branch Regions 4 Pre-discovered Areas . | . . . . . . . . . . . . . . . . . . . . . Known Exits Taken 8 | . . . . . 1 . 1 1 . . 1 . 1 . 1 . 1 . 1 . Unknown Exits Taken 6 | 1 1 1 1 1 . . . . . 1 . . . . . . . . . . Scrap Searched 4 | . . 1 . 3 . . . . . . . . . . . . . . . . Spaces Dug 76 | . . . . . . 71 . . . 1 . . 1 . . . . 1 2 . Terrain Destroyed 813 | . . . . . 15 229 2 1 38 45 27 18 92 91 24 162 . 53 3 13 Melee 3 | . . . . . . . . . . 1 . . 1 . . . . 1 . . Projectile 47 | . . . . . 15 . 2 1 1 . . 4 . 10 . 4 . 2 3 5 AOE 763 | . . . . . . 229 . . 37 44 27 14 91 81 24 158 . 50 . 8 Terrain Rammed . | . . . . . . . . . . . . . . . . . . . . . Walls Destroyed . | . . . . . . . . . . . . . . . . . . . . . Machines Disabled . | . . . . . . . . . . . . . . . . . . . . . Actions | -11 -10 -10 -10 -9 -8 -8 -8 -8 -8 -7 -6 -6 -6 -6 -5 -5 -4 -4 -3 -3 --------- Run | Yrd Mat Min Exi Min Mat Gar Mat Sto Gar Fac Fac Gar Fac Gar Fac Gar Fac Gar Res Gar Total 13081 | . 713 575 126 561 507 1437 225 224 676 952 431 1076 692 1401 243 1674 58 1185 63 262 Wait 858 | . 32 7 . 24 19 98 17 25 56 110 108 68 21 137 13 39 3 67 . 14 Move 10613 | . 607 554 126 528 401 1177 182 169 510 722 290 839 633 1038 198 1389 54 985 52 159 Hop 1 | . . . . . . . . . . . . . . . . . . . . 1 Pick Up 120 | . 12 1 . 1 14 6 2 1 4 15 . 7 5 13 2 22 . 9 3 3 Fast Attach 107 | . 5 . . 2 5 4 1 1 7 12 . 20 . 9 2 14 1 14 1 9 Attach 75 | . 2 . . . 5 5 . 2 6 5 2 5 . 8 4 9 . 7 1 14 Detach 10 | . . . . . . 1 . 2 . 2 . 1 . . 1 . . 3 . . Swap 95 | . 1 . . . 1 4 3 4 11 6 . 16 6 11 5 17 . 8 . 2 Drop 116 | . 7 . . 2 14 . 2 4 4 15 . 18 4 7 2 17 . 13 2 5 Fire 931 | . 47 9 . 3 48 104 15 15 68 28 31 73 21 166 16 159 . 76 4 48 Melee 70 | . . . . . . . 3 . 2 29 . 18 1 . . 8 . 2 . 7 Ram . | . . . . . . . . . . . . . . . . . . . . . Kick . | . . . . . . . . . . . . . . . . . . . . . Crush 4 | . . . . 1 . . . 1 . . . . 1 . . . . 1 . . Escape Stasis 73 | . . . . . . 37 . . 8 8 . 10 . 10 . . . . . . Rewire 4 | . . . . . . 1 . . . . . 1 . 2 . . . . . . Trap 4 | . . 4 . . . . . . . . . . . . . . . . . . Miscellaneous . | . . . . . . . . . . . . . . . . . . . . . Route ------- -11/Scrapyard -10/Materials (discovered 4 exits: [*Mat x2] / *Min x2) -10/Mines (discovered 4 exits: [*Mat x2] / [*Exi] / Sub) -10/Exiles -9/Mines (discovered 2 exits: *Mat x2) -8/Materials (discovered 2 exits: *Sto / Gar) -8/Garrison (discovered 3 exits: *Mat x3) -8/Materials -8/Storage -8/Garrison (discovered 2 exits: *Fac x2) -7/Factory -6/Factory (discovered 2 exits: [Ext] / Gar) -6/Garrison (discovered 3 exits: *Fac x3) -6/Factory -6/Garrison (discovered 3 exits: *Fac x3) -5/Factory (discovered 3 exits: Upp x2 / Gar) -5/Garrison (discovered 3 exits: *Fac x3) -4/Factory -4/Garrison (discovered 3 exits: *Res x3) -3/Research -3/Garrison History --------- Turn | Location | Event 1 | -11/Scrapyard | Discovered new exit (range 0) 1 | -11/Scrapyard | Entered Materials 305 | -10/Materials | Build established: Mutant 386 | -10/Materials | Discovered new exit (range 12) 863 | -10/Materials | Discovered new exit (range 14) 1076 | -10/Materials | Discovered new exit (range 14) 1322 | -10/Materials | Discovered new exit (range 16) 1456 | -10/Materials | Entered Mines 1503 | -10/Mines | Met a Derelict bent on vengeance 1719 | -10/Mines | Identified exit to Subcaves 1730 | -10/Mines | Assembled infested the area 1735 | -10/Mines | Assisted by a Guerilla fighting off Assembled 1951 | -10/Mines | Found a hidden stash of uninstalled traps 2015 | -10/Mines | Assisted by bots powering up and referring to "LRC-V3" 2192 | -10/Mines | Found a damaged Exp. Sensor Array with a note attached 2197 | -10/Mines | Found Prototype Device 2408 | -10/Mines | Deemed a non-threat by the Exiles lab entrance 2408 | -10/Mines | Discovered new exit (range 5) 2454 | -10/Mines | Discovered new exit (range 15) 2684 | -10/Mines | Discovered new exit (range 15) 2825 | -10/Mines | Entered Exiles 2825 | -10/Exiles | Accompanied by 3 allies 2883 | -10/Exiles | Met 8R-AWN 2926 | -10/Exiles | Met EX-HEX 3020 | -10/Exiles | Met EX-DEC 3099 | -10/Exiles | Discovered new exit (range 14) 3128 | -10/Exiles | Entered Mines 3128 | -9/Mines | Accompanied by 3 allies 3373 | -9/Mines | Discovered new exit (range 15) 3419 | -9/Mines | YI-UF0 nonchalantly dropped a Grenade Launcher on the ground 3817 | -9/Mines | Discovered new exit (range 8) 3938 | -9/Mines | Received a Rocket Launcher from a helpful Derelict 4104 | -9/Mines | Found DCF Scrap (13 items) 4269 | -9/Mines | A weapon hastily lodged in a ceiling crevice suddenly fell to the ground 4436 | -9/Mines | Entered Materials 4436 | -8/Materials | Accompanied by 3 allies 4436 | -8/Materials | Evolved 4 slots: Propulsion x1, Utility x3 4437 | -8/Materials | Identified exit to Storage 5586 | -8/Materials | Identified exit to Garrison 5586 | -8/Materials | Entered Garrison 5703 | -8/Garrison | Lost 3 parts (2n1w) 5716 | -8/Garrison | Triggered checkpoint 5866 | -8/Garrison | Triggered checkpoint 5882 | -8/Garrison | Triggered checkpoint 5907 | -8/Garrison | Destroyed 10 combat bots 5949 | -8/Garrison | Triggered checkpoint 5998 | -8/Garrison | Triggered checkpoint 6061 | -8/Garrison | Discovered new exit (range 9) 6388 | -8/Garrison | Discovered new exit (range 12) 6422 | -8/Garrison | Triggered checkpoint 6622 | -8/Garrison | Triggered checkpoint 6856 | -8/Garrison | Discovered new exit (range 14) 7573 | -8/Garrison | Installed Relay Interface Framework 7660 | -8/Garrison | Garrison Relay disabled 7878 | -8/Garrison | Garrison Relay disabled 7979 | -8/Garrison | Entered Materials 8286 | -8/Materials | Core integrity fell below 50% 8426 | -8/Materials | Discovered exit to Storage (range 16) 8433 | -8/Materials | Build established: Bothacker-Mutant 8460 | -8/Materials | Entered Storage 8460 | -8/Storage | Accompanied by 2 allies 8834 | -8/Storage | Met 01-MTF 8860 | -8/Storage | First assault squad dispatched 8945 | -8/Storage | Identified exit to Garrison 8945 | -8/Storage | Entered Garrison 8945 | -8/Garrison | Accompanied by 2 allies (01-MTF) 8948 | -8/Garrison | 01-MTF left 9023 | -8/Garrison | Triggered checkpoint 9133 | -8/Garrison | Garrison Relay disabled 9260 | -8/Garrison | Triggered checkpoint 9262 | -8/Garrison | Triggered checkpoint 9288 | -8/Garrison | Destroyed 7 combat bots 9332 | -8/Garrison | Triggered checkpoint 9467 | -8/Garrison | Triggered checkpoint 9541 | -8/Garrison | Triggered checkpoint 9575 | -8/Garrison | Garrison Relay disabled 9745 | -8/Garrison | Discovered new exit (range 12) 9883 | -8/Garrison | Triggered checkpoint 9896 | -8/Garrison | Core integrity fell below 20% 9929 | -8/Garrison | Expanded RIF knowledge: Hotswap 9966 | -8/Garrison | Discovered new exit (range 10) 10025 | -8/Garrison | Entered Factory 10025 | -7/Factory | Evolved 2 slots: Utility x2 10049 | -7/Factory | Lost 6 parts (1p2n1u2w) 10202 | -7/Factory | Build established: Mutant 10620 | -7/Factory | Build established: Bothacker-Mutant 10825 | -7/Factory | First assault squad dispatched 11244 | -7/Factory | Discovered new exit (range 5) 11259 | -7/Factory | Entered another Factory area 11259 | -6/Factory | Accompanied by 2 allies 11259 | -6/Factory | Evolved 2 slots: Utility x2 11577 | -6/Factory | Discovered new exit (range 22) 11794 | -6/Factory | Identified exit to Garrison 11794 | -6/Factory | Entered Garrison 11794 | -6/Garrison | Warlord forces raided the area 11810 | -6/Garrison | Triggered checkpoint 11838 | -6/Garrison | Triggered checkpoint 11854 | -6/Garrison | Triggered checkpoint 11896 | -6/Garrison | Garrison Relay disabled 12013 | -6/Garrison | Triggered checkpoint 12115 | -6/Garrison | Lost 6 allies 12243 | -6/Garrison | Warlord forces retreated 12336 | -6/Garrison | Discovered new exit (range 12) 12466 | -6/Garrison | Triggered checkpoint 12491 | -6/Garrison | Garrison Relay disabled 12722 | -6/Garrison | Triggered checkpoint 12772 | -6/Garrison | Triggered checkpoint 12993 | -6/Garrison | Discovered new exit (range 13) 13007 | -6/Garrison | Rewired B-86 Titan 13314 | -6/Garrison | Discovered new exit (range 9) 13328 | -6/Garrison | Expanded RIF knowledge: Program Shield 13408 | -6/Garrison | Triggered checkpoint 13556 | -6/Garrison | Entered Factory 13556 | -6/Factory | Accompanied by 3 allies 13906 | -6/Factory | First assault squad dispatched 14646 | -6/Factory | Identified exit to Garrison 14646 | -6/Factory | Entered Garrison 14696 | -6/Garrison | Expanded RIF knowledge: Threat Obfuscation 14760 | -6/Garrison | Triggered checkpoint 14788 | -6/Garrison | Garrison Relay disabled 14882 | -6/Garrison | Spotted B-75 Beast 14888 | -6/Garrison | Triggered checkpoint 14889 | -6/Garrison | Hijacked Beast 5a control node with streamctrl_high 15107 | -6/Garrison | Destroyed Beast 5a 15292 | -6/Garrison | Triggered checkpoint 15533 | -6/Garrison | Lost 4 parts (1p2u1w) 15587 | -6/Garrison | Garrison Relay disabled 15587 | -6/Garrison | Garrison Relay disabled 15590 | -6/Garrison | Garrison Relay disabled 15593 | -6/Garrison | Garrison Relay disabled 15780 | -6/Garrison | Triggered checkpoint 15849 | -6/Garrison | Discovered new exit (range 11) 15915 | -6/Garrison | Garrison Relay disabled 15967 | -6/Garrison | Spotted Striker 16206 | -6/Garrison | Build established: Botlord-Mutant 16210 | -6/Garrison | Triggered checkpoint 16257 | -6/Garrison | Lost 3 allies 16287 | -6/Garrison | Garrison Relay disabled 16329 | -6/Garrison | Discovered new exit (range 12) 16500 | -6/Garrison | Triggered checkpoint 16643 | -6/Garrison | Discovered new exit (range 10) 16643 | -6/Garrison | Discovered new exit (range 92) 16643 | -6/Garrison | Discovered new exit (range 60) 16774 | -6/Garrison | Triggered checkpoint 16895 | -6/Garrison | Garrison Relay disabled 16929 | -6/Garrison | Phase Generator disabled 17005 | -6/Garrison | Identified exit to Factory 17061 | -6/Garrison | Triggered checkpoint 17182 | -6/Garrison | Triggered checkpoint 17258 | -6/Garrison | Garrison Relay disabled 17407 | -6/Garrison | Entered Factory 17407 | -5/Factory | Accompanied by 6 allies 17407 | -5/Factory | Evolved 2 slots: Propulsion x1, Utility x1 17621 | -5/Factory | Identified exit to Upper Caves 17695 | -5/Factory | Destroyed 7 combat bots 17697 | -5/Factory | Spotted B-75 Beast 17704 | -5/Factory | Lost 3 parts (1u2w) 17707 | -5/Factory | First assault squad dispatched 17710 | -5/Factory | Allies destroyed B-75 Beast 17711 | -5/Factory | Lost 3 allies 17727 | -5/Factory | Garrison activated, responded to threat 17774 | -5/Factory | Lost 3 allies 17792 | -5/Factory | Identified exit to Garrison 17792 | -5/Factory | Entered Garrison 17792 | -5/Garrison | Accompanied by 1 ally 17806 | -5/Garrison | Spotted B-90 Cyclops 17844 | -5/Garrison | Triggered checkpoint 17849 | -5/Garrison | Garrison Relay disabled 17939 | -5/Garrison | Rewired B-75 Beast 17954 | -5/Garrison | Allies destroyed B-90 Cyclops 17968 | -5/Garrison | Rewired B-86 Titan 18150 | -5/Garrison | Found Quantum Capacitor 18228 | -5/Garrison | Triggered checkpoint 18230 | -5/Garrison | Triggered checkpoint 18234 | -5/Garrison | Triggered checkpoint 18257 | -5/Garrison | Allies destroyed Beast 6a 18348 | -5/Garrison | Triggered checkpoint 18460 | -5/Garrison | Triggered checkpoint 18470 | -5/Garrison | Rescued a captive Derelict 18608 | -5/Garrison | Found Hvy. Reflective Plating 18678 | -5/Garrison | Garrison Relay disabled 18753 | -5/Garrison | Discovered new exit (range 11) 18946 | -5/Garrison | Expanded RIF knowledge: Watcher Feeds 19064 | -5/Garrison | Discovered new exit (range 9) 19377 | -5/Garrison | Discovered new exit (range 12) 19414 | -5/Garrison | Triggered checkpoint 19476 | -5/Garrison | Garrison Relay disabled 19523 | -5/Garrison | System corruption reached 10% 19557 | -5/Garrison | Destroyed 12 combat bots 19585 | -5/Garrison | Lost 3 allies 19587 | -5/Garrison | Lost 6 parts (1p1n3u1w) 19968 | -5/Garrison | Phase Generator disabled 20073 | -5/Garrison | Spotted Striker 20073 | -5/Garrison | Spotted Striker 20093 | -5/Garrison | Destroyed Striker 20098 | -5/Garrison | Destroyed Striker 20114 | -5/Garrison | Rewired Striker 20120 | -5/Garrison | Rewired Striker 20663 | -5/Garrison | Entered Factory 20663 | -4/Factory | Accompanied by 2 allies 20663 | -4/Factory | Evolved 2 slots: Power x1, Utility x1 20754 | -4/Factory | Identified exit to Garrison 20757 | -4/Factory | Entered Garrison 20757 | -4/Garrison | Accompanied by 2 allies 20837 | -4/Garrison | Triggered checkpoint 20865 | -4/Garrison | Garrison Relay disabled 20946 | -4/Garrison | Triggered checkpoint 20966 | -4/Garrison | Triggered checkpoint 21034 | -4/Garrison | Spotted B-86 Titan 21042 | -4/Garrison | Destroyed B-86 Titan 21079 | -4/Garrison | Triggered checkpoint 21091 | -4/Garrison | Triggered checkpoint 21218 | -4/Garrison | Discovered new exit (range 12) 21275 | -4/Garrison | Expanded RIF knowledge: Coupler Efficiency 21290 | -4/Garrison | Lost 3 allies 21441 | -4/Garrison | Garrison Relay disabled 21651 | -4/Garrison | Discovered new exit (range 11) 21671 | -4/Garrison | Triggered checkpoint 21698 | -4/Garrison | Garrison Relay disabled 21723 | -4/Garrison | Garrison Relay disabled 21907 | -4/Garrison | Triggered checkpoint 21930 | -4/Garrison | Garrison Relay disabled 22040 | -4/Garrison | Discovered new exit (range 12) 22082 | -4/Garrison | Expanded RIF knowledge: Structural Interface 22501 | -4/Garrison | Spotted Executioner 22537 | -4/Garrison | Allies destroyed Executioner 22599 | -4/Garrison | Entered Research 22599 | -3/Research | Accompanied by 5 allies 22599 | -3/Research | Evolved 2 slots: Utility x1, Weapon x1 22668 | -3/Research | Garrison activated, responded to threat 22703 | -3/Research | Identified exit to Garrison 22703 | -3/Research | Entered Garrison 22703 | -3/Garrison | Accompanied by 5 allies 22823 | -3/Garrison | Triggered checkpoint 22831 | -3/Garrison | Garrison Relay disabled 22865 | -3/Garrison | Lost 4 allies 23017 | -3/Garrison | Spotted B-86 Titan 23031 | -3/Garrison | Triggered checkpoint 23057 | -3/Garrison | Triggered checkpoint 23099 | -3/Garrison | Core integrity fell below 50% 23128 | -3/Garrison | Core integrity fell below 20% 23135 | -3/Garrison | Destroyed B-86 Titan 23145 | -3/Garrison | Destroyed by S-43 Plague with Heavy Machine Gun Last Messages --------------- 23118_ Hcp. Storage Unit destroyed. 23119_ Acquired Corrupted Plasma Lance. 23119_ Integrated Corrupted Plasma Lance (+4). 23119_ Complication: Plasma Lance rejected. 23120_ Penetrated by Slug. 23120_ Slug penetrates Wall. 23121_ Acquired 51 matter. 23123_ The unstable cave ceiling collapses. 23123_ Knocked back. 23131_ B-86 Titan suffers critical hit (Impale). 23133_ Penetrated by Slug. 23135_ B-86 Titan suffers critical hit (Impale). 23135_ B-86 Titan destroyed. 23139_ Acquired Railgun. 23140_ S-43 Plague destroyed. 23142_ System corrupted: Energy discharge (-26). 23144_ Slug penetrates S-43 Plague. 23144_ S-43 Plague destroyed. 23144_ Slug penetrates Earth. [Achievement: 30k Club] Map ----- +----------------------------------------------------+ | ????????????????????????????#[[#?????????????????? | | ????????????????????#########[[#?????????????????? | | #####???????????????# + #?????????????????? | | #???????????????#* #+####!!#?????????????????? | | #######?????????#![# #??####?????????????????? | | ## #?????????#[[# #???????????????????????? | | [! ## #??????####!!# #???????????????????????? | | ## #??????# ##*%#+#???????????????????????? | | ! #### #??????#!!! =*!#???????????????????????? | | #### #??????# [*=*%%#???????????????????????? | | #??????#"!*%%[!#???????????????????????? | | #### #??????#"##% ###???????????????????????? | | ! #??# #??????####![#?????????????????????????? | | #####??# ###########![###########???????????????? | | ???????# !!% #???????????????? | | ???????# ![= +???????????????? | | ???????##############%[####+### ^#???????????????? | | ????????????????????#=%#??? #????????????????????? | | ????????????????????#=[#??? #????????????????????? | | ????????????????????#%[#??? #????????????????????? | | ????????????????????# #?## #????????????????????? | | ????????????????????# +? ?????????????????????? | | ??????????????????### ### ##????##??????????????? | | ????????????????### # # # ;### # #?????????? | | ????????????????# %=%%##;; % % ^ ???????? | | ???????????????# %=%%!@ % % ???????? | | ?????????????????# #=s%*%* % ^ ???????? | | ??????????????????####/==;;# # # ##????????? | | ?????????????????????# # #### #?????????? | | ?????????????????????#!#####??? ????????? | | ?????????????????????# +???? ?????????? | | ?????????????????????#######????? ?????????? | | ?????????????????????????????????? ?????????? | | ???????????????????????????????????? ??????????? | | ????????????????????????????????????? ??????????? | | ?????????????????????????????????????????????????? | | ?????????????????????????????????????????????????? | | ?????????????????????????????????????????????????? | | ?????????????????????????????????????????????????? | | ?????????????????????????????????????????????????? | | ?????????????????????????????????????????????????? | | ?????????????????????????????????????????????????? | | ?????????????????????????????????????????????????? | | ?????????????????????????????????????????????????? | | ?????????????????????????????????????????????????? | | ?????????????????????????????????????????????????? | | ?????????????????????????????????????????????????? | | ?????????????????????????????????????????????????? | | ?????????????????????????????????????????????????? | | ?????????????????????????????????????????????????? | +----------------------------------------------------+ Best States ------------- Heat Dissipation 141 Energy Generation 49 Energy Capacity 500 Matter Stores 450 Matter Capacity 450 Sight Range 16 Terrain Scan Range 20 Terrain Scan Density 10 Armor Coverage 1200 Resistance: KI 30 Resistance: TH 25 Point Defense Rating 160 Weapon Cycling 15 Evasion (%) 50 Targeting Accuracy 16 Target Analysis 8 Core Analysis 6 Recoil Reduction 4 Particle Charging 20 Kinecelleration 40 Relay Coupler Types 6 Relay Coupler Value 161 Item Schematics ----------------- Hvy. Assault Cannon | -8/Materials | Hacked Robot Schematics ------------------ None Fabricated ------------ Nothing Alien Tech Used ----------------- None Achievements -------------- 30k Club Pwned Challenges ------------ None Game ------ Seed TargetingSpliceDriver Manual? 0 Play Time 02:12:29 Cumulative 166.8 hours Start 2024.11.23 @ 10:51:32 End 2024.11.23 @ 13:09:50 Sessions 1 Manual Loads 0 Difficulty Rogue Special Mode None Game No. 269 Rogue 268 Adventurer 1 Explorer 0 Win Type - Total 2 Types 2/0/0/0/0/0/0/0/0 Lore% 75 Gallery% 73 Achievement% 55 Wizard Run 0 Options --------- Layout 1 ASCII 0 Keyboard 0 Movement Mouse Keybinds 0 Fullscreen 2 Font 20/SmallcapsGlow Map View 54x42 Zoom Use 0% Tactical HUD 1 Map Filters NONE Filters NONE Steam 0 RUN: c1eefd38-35c4-4cba-a4bf-bff26b584f44